[Event "15th Kesan Open 2017"]
[Site "Kesan"]
[Date "2017.08.17"]
[Round "8.10"]
[White "Ozkan, Hakan"]
[Black "Aliyev, Elnur"]
[Result "0-1"]
[ECO "B23"]
[WhiteElo "1794"]
[BlackElo "2150"]
[Annotator "NA"]
[PlyCount "138"]
[EventCountry "TUR"]
[SourceTitle "playchess.com"]
[Source "ChessBase"]
[SourceQuality "1"]
[TimeControl "5400+30"]

1. e4 c5 2. Nc3 Nc6 3. f4 g6 4. Nf3 Bg7 5. Bb5 Na5 6. O-O a6 7. Be2 b5 8. d3 d6 9. Be3 Nf6 10. h3 Bb7 11. Rb1 O-O 12. Nd2 Rc8 13. Bf3 Nd7 14. Qe1 Nc6 15. Ne2 Nd4 16. c3 Nc2 17. Qf2 Nb6 18. Rbc1 Nxe3 19. Qxe3 e5 20. f5 Qh4 21. Qf2 Qxf2+ 22. Kxf2 gxf5 23. exf5 d5 24. g4 Kh8 25. h4 f6 26. Rg1 a5 27. Ng3 Bh6 28. Rc2 c4 29. dxc4 e4 30. Ngxe4 dxe4 31. Bxe4 Bxe4 32. Nxe4 Nxc4 33. Re2 Rcd8 34. Nc5 Rd5 35. Ne6 Rb8 36. b3 Ne5 37. g5 Bg7 38. Ke3 Nf7 39. Kf4 fxg5+ 40. hxg5 Bxc3 41. g6 Nd6 42. Rh1 Rxf5+ 43. Kg4 h5+ 44. Rxh5+ Rxh5 45. Kxh5 Re8 46. Rc2 b4 47. Ng5 Ne4 48. Nf7+ Kg7 49. Rg2 Nf6+ 50. Kg5 Re1 51. Kf5 Rd1 52. Ke6 Nd5 53. Rg4 Nc7+ 54. Kf5 Rd5+ 55. Ke4 Rd4+ 56. Kf5 Rd5+ 57. Ke4 Rd2 58. Ng5 Rxa2 59. Kd3 Rf2 60. Kc4 Rf5 61. Ne4 Ne6 62. Rg2 Rf4 63. Kd5 Nc7+ 64. Kc6 Rxe4 65. Kxc7 a4 66. Kc6 axb3 67. Kd5 Rd4+ 68. Kc5 b2 69. Rg1 Re4 0-1